 Dungeon Crawl Stone Soup version 0.22.1-2-g9c5b331 (webtiles) character file.

59257 dvd the Bludgeoner (level 14, -1/129 HPs)
             Began as a Minotaur Gladiator on Nov 29, 2018.
             Was the Champion of Wu Jian.
             Slain by a sun demon (10 damage)
             ... summoned by an orc sorcerer
             ... on level 1 of the Orcish Mines.
             The game lasted 01:03:15 (22160 turns).

dvd the Bludgeoner (Minotaur Gladiator)            Turns: 22160, Time: 01:03:16

Health: -1/129     AC: 12    Str: 21    XL:     14   Next: 52%
Magic:  0/13       EV: 10    Int:  5    God:    Wu Jian [******]
Gold:   1812       SH: 15    Dex: 15    Spells: 13/13 levels left

rFire    . . .     SeeInvis +   a - +1 broad axe (protect)
rCold    . . .     Gourm    .   J - +3 shield
rNeg     . . .     Faith    .   L - +3 plate armour {rPois}
rPois    +         Spirit   +   U - +1 hat
rElec    .         Reflect  .   s - scarf {Spirit}
rCorr    .         Harm     .   P - +2 pair of gloves
MR       +....                  (no boots)
Stlth    ..........             G - amulet of magic regeneration
HPRegen  0.31/turn              v - ring of see invisible
MPRegen  0.38/turn              Q - +3 ring of protection

@: corroded, protection aura, studying Crossbows, drained
A: retaliatory headbutt, horns 2, deformed body
a: Wall Jump, Serpent's Lash, Heavenly Storm, Renounce Religion


You were on level 1 of the Orcish Mines.
You worshipped Wu Jian.
Wu Jian was exalted by your worship.
You were not hungry.

You visited 3 branches of the dungeon, and saw 20 of its levels.

You collected 1812 gold pieces.

Inventory:

Hand Weapons
 a - a +1 broad axe of protection (weapon)
 e - a +0 eveningstar of draining
 o - a +5 flail of protection
Missiles
 d - 2 throwing nets (quivered)
 i - 5 javelins
 B - 2 javelins of returning
 O - 7 tomahawks
Armour
 s - a scarf of spirit shield (worn)
 A - a +0 plate armour of fire resistance
 E - the +3 scale mail of Hadjma {Dex+10}
   (You found it on level 8 of the Dungeon)

   It affects your dexterity (+10).
 J - a +3 shield (worn)
 K - the +10 ring mail "Hihuloagg" {rElec rC- rN++ Int+4}
   (You found it on level 10 of the Dungeon)

   It affects your intelligence (+4).
   It makes you vulnerable to cold.
   It insulates you from electricity.
   It greatly protects you from negative energy.
 L - a +3 plate armour of poison resistance (worn)
 P - a +2 pair of gloves (worn)
 R - the +0 chain mail of the Dozen Lovers {rElec}
   (You found it on level 6 of the Lair of Beasts)

   It insulates you from electricity.
 U - a +1 hat (worn)
Jewellery
 v - a ring of see invisible (left hand)
 x - an uncursed ring of magical power
 y - an uncursed ring of protection from cold
 D - an uncursed ring of stealth
 G - an amulet of magic regeneration (around neck)
 Q - a +3 ring of protection (right hand)
Wands
 t - a wand of digging (12)
 u - a wand of paralysis (29)
 w - a wand of scattershot (2)
 C - a wand of flame (105)
 M - a wand of clouds (7)
 S - a wand of polymorph (15)
Scrolls
 b - 2 scrolls of fog
 j - 14 scrolls of identify
 k - 6 scrolls of remove curse
 l - 7 scrolls of teleportation
 r - 4 scrolls of amnesia
Potions
 g - 2 potions of brilliance
 m - 2 potions of lignification
 n - 3 potions of curing
 p - a potion of ambrosia
 q - a potion of agility
 z - 2 potions of heal wounds
Books
 H - a manual of Crossbows
Comestibles
 f - 51 rations
 F - 15 chunks of flesh


   Skills:
 + Level 13.5(12.8) Fighting
 + Level 10.4(13.3) Axes
 + Level 15.2(15.5) Maces & Flails
 + Level 2.6(2.1) Throwing
 + Level 13.2(12.5) Armour
 + Level 8.7(8.1) Dodging
 + Level 4.4(3.8) Stealth
 + Level 11.1(10.4) Shields
 + Level 1.2(0.7) Evocations


You had 13 spell levels left.
You didn't know any spells.
Your spell library contained the following spells:

 Spells                   Type           Power        Failure   Level  Hunger
 Confusing Touch          Hex            #.....       100%        1    ##.....
 Corona                   Hex            #......      100%        1    ##.....
 Magic Dart               Conj           #...         100%        1    ##.....
 Summon Butterflies       Summ           #.......     100%        1    ##.....
 Blink                    Tloc           N/A          100%        2    ###....
 Call Imp                 Summ           #.......     100%        2    ###....
 Ensorcelled Hibernation  Hex/Ice        #.....       100%        2    ###....
 Poisonous Vapours        Pois/Air       #.....       100%        2    ###....
 Shroud of Golubria       Chrm/Tloc      #.........   100%        2    ###....
 Slow                     Hex            #.......     100%        2    ###....
 Call Canine Familiar     Summ           #.......     100%        3    ####...
 Confuse                  Hex            #.......     100%        3    ####...
 Conjure Flame            Conj/Fire      #.......     100%        3    ####...
 Dazzling Spray           Conj/Hex       #.....       100%        3    ####...
 Gell's Gravitas          Tloc           #.........   100%        3    ####...
 Inner Flame              Hex/Fire       #.......     100%        3    ####...
 Mephitic Cloud           Conj/Pois/Air  #.......     100%        3    ####...
 Portal Projectile        Hex/Tloc       #.....       100%        3    ####...
 Static Discharge         Conj/Air       #.......     100%        3    ####...
 Tukima's Dance           Hex            #.......     100%        3    ####...
 Cause Fear               Hex            #.........   100%        4    #####..
 Leda's Liquefaction      Hex/Erth       #.........   100%        4    #####..
 Petrify                  Tmut/Erth      #.......     100%        4    #####..
 Summon Ice Beast         Ice/Summ       #.......     100%        4    #####..
 Excruciating Wounds      Chrm/Necr      #.........   100%        5    ######.
 Irradiate                Conj/Tmut      #.........   100%        5    ######.
 Lightning Bolt           Conj/Air       #.........   100%        5    ######.
 Metabolic Englaciation   Hex/Ice        #.........   100%        5    ######.
 Summon Mana Viper        Hex/Summ       #.......     100%        5    ######.
 Yara's Violent Unravell  Hex/Tmut       #.........   100%        5    ######.
 Freezing Cloud           Conj/Ice/Air   #.........   100%        6    #######
 Hydra Form               Tmut           #.........   100%        6    #######
 Statue Form              Tmut/Erth      #........    100%        6    #######
 Dragon Form              Tmut           #.........   100%        7    #######
 Ring of Flames           Chrm/Fire      #.........   100%        7    #######
 Summon Hydra             Summ           #.........   100%        7    #######
 Ignition                 Fire           #.........   100%        8    #######
 Shatter                  Erth           #.........   100%        9    #######
 Tornado                  Air            #.........   100%        9    #######


Dungeon Overview and Level Annotations

Branches:
Dungeon (12/15)            Temple (0/1) D:6            Lair (6/6) D:9
 Shoals (0/4) Lair:2       Spider (0/4) Lair:4        Slime (0/5) Lair:5
    Orc (2/2) D:12
    Elf: Orc:2

Altars:
Ashenzari
Dithmenos
Elyvilon
Kikubaaqudgha
Makhleb
Ru
Sif Muna
Trog
Uskayaw
Vehumet
Wu Jian

Shops:
D:11 =   Orc:1 *

Annotations:
D:7 2 transporters, ThisFiasco's ghost, novice SpEn
D:12 Snorg
Orc:2 Nergalle


Innate Abilities, Weirdness & Mutations

You reflexively headbutt those who attack you in melee.
You have a pair of horns on your head.
Armour fits poorly on your strangely shaped body.


Message History

You closely miss the orc sorcerer.
The orc sorcerer is heavily wounded.
You barely miss the rust devil. You closely miss the sun demon.
You block the rust devil's attack. The sun demon hits you!
* * * LOW HITPOINT WARNING * * *
You are engulfed in flames!
* * * LOW HITPOINT WARNING * * *
The orc sorcerer hits you but does no damage.
You closely miss the orc sorcerer.
You headbutt the orc sorcerer, but do no damage.
The orc sorcerer is heavily wounded.
You hit the rust devil but do no damage.
You hit the sun demon but do no damage. The sun demon misses you.
You furiously retaliate!
You headbutt the sun demon, but do no damage.
The rust devil hits you. The rust devil corrodes you!
The orc sorcerer closely misses you. The sun demon hits you!
* * * LOW HITPOINT WARNING * * *
You are engulfed in flames!
You die...

....# #...#...#
.....## ##.#....#
....... #......##
.......####..#...#
.......#.##.....##
.......#.......##
#..............##
##....3o...#...#
#...o@4....#.##
#..o......#### ###
#.........## #.##
#.$o.....## #..#
......#..## ...#
......#### ...#
...... ...##
....## ....#


You could see a sun demon, a rust devil, an orc sorcerer and 3 orcs.

Vanquished Creatures
  2 orc warlords (D:12)
  The ghost of Bidghuq the Basher, a journeyman GrBe of Trog (Lair:6)
  7 hydras
  Erica (Orc:1)
  A merfolk avatar (Lair:6)
  7 two-headed ogres
  Urug (Lair:1)
  An orc high priest (Orc:2)
  Sonja (Orc:1)
  2 sea snakes (Lair:6)
  2 orc knights
  A harpy (Lair:6)
  A manticore (Lair:6)
  A deep elf mage (Orc:1)
  A cyclops (D:11)
  11 elephants
  2 merfolk sirens (Lair:2)
  Maurice (Orc:2)
  9 spiny frogs
  A centaur skeleton (D:12)
  12 rime drakes
  4 komodo dragons
  A merfolk (D:11)
  A troll (D:12)
  5 polar bears (Lair:6)
  21 blink frogs
  A slime creature (Lair:1)
  2 wind drakes (Lair:6)
  5 dream sheep (Lair:4)
  5 hippogriffs
  A water elemental (D:12)
  Sigmund (D:3)
  A wraith (D:11)
  39 yaks
  5 wyverns
  A vampire (D:9)
  A steam dragon (Lair:2)
  A warg (Orc:1)
  3 vampire mosquitoes (D:12)
  Menkaure (D:6)
  13 water moccasins
  2 acid dragons
  10 porcupines
  29 orc warriors
  2 sky beasts
  A phantom (D:8)
  3 ice beasts
  A swamp drake (Orc:1)
  8 wolves
  An eye of draining (D:12)
  2 black bears
  A necrophage (D:9)
  14 ogres
  14 crocodiles
  Blork the orc (D:4)
  A big kobold (D:12)
  8 bullfrogs
  A wyvern zombie (D:12)
  4 scorpions
  4 electric eels
  6 jellies (Lair:1)
  6 crimson imps
  A howler monkey (D:4)
  3 quasits
  A bullfrog zombie (D:12)
  5 hounds
  12 orc priests
  21 orc wizards
  2 bullfrog skeletons
  An iron imp (Orc:1)
  Ijyb (D:4)
  4 iguanas
  8 worker ants
  A statue (D:4)
  A hound skeleton (D:8)
  A howler monkey zombie (D:5)
  3 worker ant zombies
  4 gnolls (D:3)
  A howler monkey skeleton (D:7)
  13 adders
  3 shadow imps
  2 white imps
  13 oozes (Lair:1)
  2 adder skeletons
  A worm (D:3)
  3 dart slugs
  6 leopard geckos
  73 orcs
  2 giant cockroaches
  10 goblins
  10 hobgoblins
  13 jackals
  3 quokkas
  2 ball pythons
  6 bats
  7 frilled lizards
  11 kobolds
  A leopard gecko skeleton (D:7)
  A quokka skeleton (D:4)
  12 rats
  A plant (Lair:6)
562 creatures vanquished.

Vanquished Creatures (others)
  A deep elf mage (Orc:1)
  2 orcs
  19 fungi
  10 plants
32 creatures vanquished.

Grand Total: 594 creatures vanquished

Notes
Turn   | Place    | Note
-------+----------+-------------------------------------------
     0 | D:1      | dvd the Minotaur Gladiator began the quest for the Orb.
     0 | D:1      | Reached XP level 1. HP: 18/18 MP: 0/0
     2 | D:1      | Noticed a ghoul
     4 | D:1      | Noticed a gargoyle
     4 | D:1      | Noticed a minotaur
     6 | D:1      | Noticed a tengu
     8 | D:1      | Noticed a naga
     8 | D:1      | Noticed an octopode
    10 | D:1      | Noticed a formicid
    10 | D:1      | Noticed a dwarf
    12 | D:1      | Noticed a vampire
    12 | D:1      | Noticed a troll
    14 | D:1      | Noticed a felid
    16 | D:1      | Noticed a demonspawn
    16 | D:1      | Noticed a centaur
    18 | D:1      | Noticed a halfling
    20 | D:1      | Noticed a spriggan
    20 | D:1      | Noticed a vine stalker
    22 | D:1      | Noticed an ogre
    22 | D:1      | Noticed an elf
    24 | D:1      | Noticed a draconian
    24 | D:1      | Noticed a human
    26 | D:1      | Noticed a merfolk
    26 | D:1      | Noticed a demigod
   119 | D:1      | Reached XP level 2. HP: 25/25 MP: 1/1
   637 | D:2      | Reached XP level 3. HP: 30/30 MP: 2/2
   862 | D:2      | Found a bloodstained altar of Trog.
   986 | D:2      | Found an ornate altar of the Wu Jian Council.
  1000 | D:2      | Reached skill level 1 in Armour
  1000 | D:2      | Reached XP level 4. HP: 35/38 MP: 3/3
  1012 | D:2      | Became a worshipper of the Wu Jian Council
  1211 | D:3      | Reached skill level 5 in Axes
  1224 | D:3      | Noticed an ogre
  1233 | D:3      | Killed an ogre
  1233 | D:3      | Reached XP level 5. HP: 35/45 MP: 4/4
  1759 | D:3      | Reached skill level 1 in Maces & Flails
  1826 | D:3      | Reached * piety under Wu Jian
  2084 | D:3      | Noticed Sigmund
  2095 | D:3      | Killed Sigmund
  2095 | D:3      | Reached skill level 2 in Maces & Flails
  2095 | D:3      | Reached XP level 6. HP: 45/52 MP: 5/5
  2112 | D:3      | Reached skill level 3 in Maces & Flails
  2193 | D:3      | Found a faded altar of an unknown god.
  2494 | D:4      | Found a radiant altar of Vehumet.
  2544 | D:4      | Reached XP level 7. HP: 52/59 MP: 6/6
  2636 | D:4      | Reached skill level 4 in Maces & Flails
  2700 | D:4      | Noticed Ijyb
  2710 | D:4      | Killed Ijyb
  2751 | D:4      | Noticed Blork the orc
  2758 | D:4      | Killed Blork the orc
  2768 | D:4      | Found a sacrificial altar of Ru.
  2960 | D:4      | Reached skill level 5 in Maces & Flails
  3207 | D:4      | Reached skill level 5 in Armour
  3219 | D:4      | Found an ancient bone altar of Kikubaaqudgha.
  3359 | D:5      | Entered Level 5 of the Dungeon
  3416 | D:5      | Reached skill level 6 in Maces & Flails
  3547 | D:5      | Found a hide-covered altar of Uskayaw.
  3549 | D:5      | Found a deep blue altar of Sif Muna.
  3792 | D:5      | Found a white marble altar of Elyvilon.
  3796 | D:5      | Reached XP level 8. HP: 67/67 MP: 7/7
  3849 | D:5      | Reached skill level 5 in Fighting
  4049 | D:6      | Reached ** piety under Wu Jian
  4111 | D:6      | Reached skill level 7 in Maces & Flails
  4159 | D:6      | Noticed Menkaure
  4440 | D:6      | Killed Menkaure
  4705 | D:6      | Reached skill level 8 in Maces & Flails
  5332 | D:6      | Found a staircase to the Ecumenical Temple.
  5408 | D:7      | Found a transporter.
  5412 | D:7      | Noticed ThisFiasco's ghost (novice SpEn)
  5426 | D:7      | Found a transporter.
  5489 | D:7      | Reached XP level 9. HP: 78/78 MP: 8/8
  5525 | D:7      | Found a burning altar of Makhleb.
  5917 | D:7      | Reached skill level 9 in Maces & Flails
  6224 | D:8      | Found a shadowy altar of Dithmenos.
  6410 | D:8      | Got a pitted scale mail
  6421 | D:8      | Identified the +3 scale mail of Hadjma {Dex+10} (You found
                  | it on level 8 of the Dungeon)
  6994 | D:9      | Reached *** piety under Wu Jian
  7143 | D:9      | Found a shattered altar of Ashenzari.
  7172 | D:9      | Found a shadowy altar of Dithmenos.
  7251 | D:9      | Reached skill level 1 in Stealth
  7275 | D:9      | Found a staircase to the Lair.
  7418 | D:9      | Reached skill level 10 in Maces & Flails
  7450 | D:9      | Reached XP level 10. HP: 70/86 MP: 9/9
  7765 | D:10     | Entered Level 10 of the Dungeon
  7773 | D:10     | Identified the Collected Works on Augmentations
  7881 | D:10     | Reached skill level 10 in Armour
  8082 | D:10     | Got a faintly humming ring mail
  8093 | D:10     | Identified the +10 ring mail "Hihuloagg" {rElec rC- rN++
                  | Int+4} (You found it on level 10 of the Dungeon)
  8487 | D:11     | Found Xaewnios's Jewellery Shop.
  8544 | D:11     | Noticed a two-headed ogre
  8633 | D:11     | Killed a two-headed ogre
  8633 | D:11     | Reached skill level 1 in Shields
  8740 | D:11     | Reached skill level 11 in Maces & Flails
  9099 | D:11     | Noticed a cyclops
  9107 | D:11     | Killed a cyclops
  9107 | D:11     | Reached skill level 5 in Dodging
  9617 | D:11     | Noticed a two-headed ogre
  9626 | D:11     | Killed a two-headed ogre
  9954 | Lair:1   | Entered Level 1 of the Lair of Beasts
 10019 | Lair:1   | Noticed a spiny frog
 10027 | Lair:1   | Noticed an eight-headed hydra
 10029 | Lair:1   | Killed a spiny frog
 10040 | Lair:1   | HP: 4/90 [eight-headed hydra (8)]
 10088 | Lair:1   | HP: 1/90 [eight-headed hydra (5)]
 10554 | Lair:1   | Reached XP level 11. HP: 78/95 MP: 10/10
 10950 | Lair:1   | Killed an eight-headed hydra
 11097 | Lair:1   | Reached **** piety under Wu Jian
 11575 | Lair:1   | Noticed Urug
 11591 | Lair:1   | Killed Urug
 11591 | Lair:1   | Reached skill level 12 in Maces & Flails
 11944 | Lair:2   | Identified a scroll of acquirement
 12340 | Lair:2   | Found a staircase to the Shoals.
 12518 | Lair:2   | Reached skill level 5 in Shields
 12609 | Lair:3   | Noticed a five-headed hydra
 12611 | Lair:3   | Noticed a five-headed hydra
 12645 | Lair:2   | Killed a five-headed hydra
 12752 | Lair:3   | Killed a five-headed hydra
 12752 | Lair:3   | Reached skill level 13 in Maces & Flails
 13299 | Lair:3   | Reached XP level 12. HP: 95/106 MP: 11/11
 13710 | Lair:3   | Reached skill level 10 in Fighting
 14381 | Lair:4   | Found a hole to the Spider Nest.
 14504 | Lair:4   | Noticed a four-headed hydra
 14515 | Lair:4   | Killed a four-headed hydra
 14535 | Lair:4   | Reached skill level 14 in Maces & Flails
 14547 | Lair:4   | Reached ***** piety under Wu Jian
 15060 | Lair:4   | Reached skill level 1 in Evocations
 15682 | Lair:5   | Noticed a six-headed hydra
 15711 | Lair:5   | Killed a six-headed hydra
 15792 | Lair:5   | Reached XP level 13. HP: 45/117 MP: 12/12
 16598 | Lair:5   | Found a staircase to the Slime Pits.
 16734 | Lair:6   | Entered Level 6 of the Lair of Beasts
 17049 | Lair:6   | Reached skill level 15 in Maces & Flails
 17601 | Lair:6   | Found a runed door.
 17603 | Lair:6   | Noticed Bidghuq's ghost (journeyman GrBe)
 17963 | Lair:6   | Got a bronze chain mail
 18012 | Lair:5   | Identified the +0 chain mail of the Dozen Lovers {rElec}
                  | (You found it on level 6 of the Lair of Beasts)
 18112 | Lair:6   | Reached skill level 10 in Shields
 18450 | Lair:6   | Killed Bidghuq's ghost
 18910 | D:12     | Reached ****** piety under Wu Jian
 19053 | D:12     | Reached XP level 14. HP: 129/129 MP: 13/13
 19064 | D:12     | Found a staircase to the Orcish Mines.
 19808 | Orc:1    | Entered Level 1 of the Orcish Mines
 19808 | Orc:1    | Noticed an orc warlord
 19819 | Orc:1    | Noticed Snorg
 19821 | Orc:1    | Noticed a stone giant
 19835 | Orc:1    | Noticed an orc warlord
 19845 | D:12     | HP: 6/129 [poisoned by an orc warlord]
 19851 | D:12     | HP: 6/129 [poisoned by an orc warlord]
 19857 | D:12     | HP: 6/129 [poisoned by an orc warlord]
 20115 | D:12     | Killed an orc warlord
 20413 | Orc:1    | Noticed Sonja
 20437 | D:12     | Killed an orc warlord
 20606 | Orc:1    | Noticed Erica
 20628 | Orc:1    | Killed Erica
 20649 | Orc:1    | Found Bued Cep's Assorted Antiques.
 20961 | Orc:1    | Killed Sonja
 21104 | Orc:2    | Entered Level 2 of the Orcish Mines
 21515 | Orc:2    | Reached skill level 10 in Axes
 21516 | Orc:2    | Noticed Maurice
 21530 | Orc:2    | Killed Maurice
 21738 | Orc:2    | Noticed Nergalle
 22135 | Orc:1    | Paralysed by an orc sorcerer for 4 turns
 22141 | Orc:1    | Gained mutation: Armour fits poorly on your strangely
                  | shaped body. [a neqoxec]
 22144 | Orc:1    | Paralysed by an orc sorcerer for 6 turns
 22160 | Orc:1    | Slain by a sun demon

Skill      XL: |  1  2  3  4  5  6  7  8  9 10 11 12 13 14 |
---------------+-------------------------------------------+-----
Axes           | 4 5 7 10 | 10.4
Fighting       | 3 4 6 7 8 9 11 13 | 13.5
Armour         | 1 2 3 4 5 7 9 11 12 13 | 13.2
Dodging        | 4 5 6 7 8 |  8.7
Maces & Flails | 2 3 6 8 10 11 13 14 15 | 15.2
Stealth        | 1 3 4 |  4.4
Shields        | 3 5 7 10 11 | 11.1
Evocations     | 1 |  1.2
Throwing       | |  2.6

Action                   |  1- 3 |  4- 6 |  7- 9 | 10-12 | 13-15 || total
-------------------------+-------+-------+-------+-------+-------++-------
Melee: War axe           |    77 |    20 |       |       |       ||    97
       Headbutt          |     4 |    30 |    99 |   231 |   201 ||   565
       Flail             |       |   114 |   362 |   732 |   345 ||  1553
       Broad axe         |       |       |       |       |   467 ||   467
Throw: Throwing net      |       |       |       |     4 |     2 ||     6
       Javelin           |       |       |       |       |     1 ||     1
Invok: Lunge             |       |    21 |    37 |    60 |    46 ||   164
       Whirlwind         |       |     4 |    52 |   144 |   211 ||   411
       Wall Jump         |       |       |     5 |    28 |    19 ||    52
       Serpent's Lash    |       |       |       |       |     2 ||     2
       Heavenly Storm    |       |       |       |       |     1 ||     1
Evoke: Wand              |       |       |     3 |     3 |     4 ||    10
  Use: Scroll            |       |       |     2 |    20 |     9 ||    31
       Potion            |       |       |       |    13 |     9 ||    22
 Stab: Paralysed         |       |       |     4 |       |       ||     4
       Sleeping          |       |       |       |     5 |     5 ||    10
       Held in net/web   |       |       |       |     3 |       ||     3
       Distracted        |       |       |       |       |     2 ||     2
       Confused          |       |       |       |       |     3 ||     3
  Eat: Chunk             |       |     5 |    14 |    23 |    21 ||    63
       Ration            |       |       |       |     2 |       ||     2
Armor: Leather armour    |    17 |       |       |       |       ||    17
       Plate armour      |    15 |    81 |   140 |       |   133 ||   369
       Scale mail        |       |       |    33 |   160 |     2 ||   195
       Ring mail         |       |       |       |    54 |   156 ||   210
Dodge: Dodged            |    65 |    45 |   121 |   226 |   272 ||   729
Block: Shield            |       |       |       |   343 |   508 ||   851
